 Dungeon Crawl Stone Soup version 0.17-a0-530-gbe3d13a (webtiles) character file.

89 sugabear the Ducker (level 4, 0/27 HPs)
             Began as a Tengu Gladiator on Apr 12, 2015.
             Succumbed to a kobold's poison
             ... on level 3 of the Dungeon.
             The game lasted 00:02:01 (1901 turns).

sugabear the Ducker (Tengu Gladiator)               Turns: 1901, Time: 00:02:01

Health: 0/27       AC:  3    Str: 16    XL:     4   Next: 55%
Magic:  5/5        EV: 13    Int: 13    God:
Gold:   59         SH:  0    Dex: 15    Spells: 0 memorised, 3 levels left

rFire  . . .     SeeInvis .     a - +0 war axe
rCold  . . .     Clarity  .     b - +0 leather armour
rNeg   . . .     SustAb   .     (no shield)
rPois  .         Gourm    .     c - +0 hat
rElec  .         Spirit   .     (no cloak)
rCorr  .         Warding  .     (no gloves)
rMut   .         Stasis   .     (boots unavailable)
MR     .....                    (no amulet)
Stlth  +.........               (no ring)
                                (no ring)

@: brilliant, lethally poisoned (0 -> -7), not resistant to hostile
enchantments, very unstealthy
A: beak, talons 3
a: no special abilities


You were on level 3 of the Dungeon.
You were not hungry.

You visited 1 branch of the dungeon, and saw 3 of its levels.

You collected 59 gold pieces.

Inventory:

Hand weapons
 a - a +0 war axe (weapon)
Missiles
 d - 3 throwing nets (quivered)
Armour
 b - a +0 leather armour (worn)
 c - a +0 hat (worn)
Jewellery
 p - an uncursed ring of stealth {unknown}
 q - an uncursed ring of protection from magic {unknown}
Scrolls
 e - 2 scrolls of identify {unknown}
 g - a scroll of random uselessness {unknown}
 j - 2 scrolls of teleportation {unknown}
 l - a scroll of magic mapping {unknown}
 n - 2 scrolls of remove curse {unknown}
 o - a scroll of immolation {unknown}
 r - a scroll of noise {unknown}
Potions
 h - a potion of restore abilities {unknown}
 i - a potion of might {unknown}
 k - a potion of brilliance
 m - a potion of heal wounds {unknown}
Comestibles
 f - 2 bread rations


   Skills:
 + Level 2.5 Fighting
 + Level 3.9 Axes
 + Level 2.4 Throwing
 + Level 2.0 Armour
 + Level 4.1 Dodging
 + Level 0.2 Stealth


You had 3 spell levels left.
You didn't know any spells.

Dungeon Overview and Level Annotations

Branches:
Dungeon (3/15)

Altars:
Nemelex Xobeh


Innate Abilities, Weirdness & Mutations

You have a beak for a mouth.
You have claws for feet.


Message History

You hit the orc.
You kill the orc!
Your Armour skill increases to level 2!
You hit the orc but do no damage. The orc closely misses you.
The orc hits you but does no damage. The kobold hits you but does no damage.
You are lethally poisoned!
You are too injured to fight recklessly!
You hit the rat.
You kill the rat!
You closely miss the orc. You hit the kobold but do no damage.
* * * LOW HITPOINT WARNING * * *
You feel sick. The orc hits you with a dagger.
* * * LOW HITPOINT WARNING * * *
The kobold hits you with a dagger of venom.
* * * LOW HITPOINT WARNING * * *
Sorry, you're not good enough to have a special ability.
Drink which item? (? for menu, Esc to quit)
It was a potion of brilliance.
You feel clever all of a sudden.
You die...

#.#######.######.##
####............##...#
#.......####..........
#.#####.# ####.##.... #.#
.......#. #)# ###.##..#.
#.# ...##..#.
####.#####.##..######..#.
.......K@......# #..#.
........o#.###.# #..#.
###...#.#.# #(...
#.#.#.#.# .. . ..$.# . .!
..... #. .#.### . ...#
###


You could see an orc and a kobold.

Vanquished Creatures
  2 adders (D:2)
  4 giant geckos
  4 orcs (D:3)
  A ball python (D:1)
  8 bats
  8 giant cockroaches
  2 hobgoblins
  8 jackals
  5 goblins
  5 kobolds
  10 rats
57 creatures vanquished.

Notes
Turn   | Place    | Note
--------------------------------------------------------------
     0 | D:1      | sugabear, the Tengu Gladiator, began the quest for the Orb.
     0 | D:1      | Reached XP level 1. HP: 12/12 MP: 2/2
   140 | D:1      | Reached XP level 2. HP: 17/17 MP: 3/3
   572 | D:1      | Reached XP level 3. HP: 19/21 MP: 4/4
  1115 | D:2      | Reached skill level 1 in Armour
  1192 | D:2      | Found a sparkling altar of Nemelex Xobeh.
  1243 | D:2      | Reached XP level 4. HP: 14/27 MP: 5/5
  1351 | D:2      | Reached skill level 4 in Dodging
  1900 | D:3      | HP: 1/27 [kobold/dagger of venom (1)]
  1901 | D:3      | Succumbed to a kobold's poison

Action                   |  1- 3 |  4- 6 || total
-------------------------+-------+-------++-------
Melee: War axe           |    83 |    46 ||   129
  Use: Potion            |       |     1 ||     1
  Eat: Meat ration       |       |     1 ||     1
